 Dungeon Crawl Stone Soup version 0.26.1-11-gd32895ea62 (webtiles) character file.

Game seed: 4956497625913878993

161 Almogavar the Magician (level 5, -3/41 HPs)
             Began as a Gnoll Wanderer on June 1, 2021.
             Blown up by Ijyb (12 damage)
             ... with a disintegration bolt
             ... on level 3 of the Dungeon.
             The game lasted 00:13:07 (2830 turns).

Almogavar the Magician (Gnoll Wanderer)             Turns: 2830, Time: 00:13:08

Health: -3/41      AC:  2    Str: 15    XL:     5   Next: 42%
Magic:  5/12       EV: 12    Int: 15    God:
Gold:   125        SH:  0    Dex: 14    Spells: 11/14 levels left

rFire    . . .     SeeInvis .   a - +0 quarterstaff
rCold    . . .     Faith    .   (shield currently unavailable)
rNeg     . . .     Spirit   .   d - +0 robe
rPois    .         Reflect  .   (no helmet)
rElec    .         Harm     .   (no cloak)
rCorr    .         Rampage  .   (no gloves)
Will     +....                  (no boots)
Stlth    +++.......             (no amulet)
HPRegen  0.13/turn              h - ring of willpower
MPRegen  0.13/turn              (no ring)

@: no status effects
A: distributed training, fangs 1, strong nose
a: no special abilities


You were on level 3 of the Dungeon.
You visited 1 branch of the dungeon, and saw 3 of its levels.

You collected 125 gold pieces.

Inventory:

Hand Weapons
 a - a +0 quarterstaff (weapon)
 e - a +0 dagger
Missiles
 q - 4 poisoned darts (quivered)
Armour
 b - a +0 ring mail
 c - a +0 kite shield
 d - a +0 robe (worn)
Jewellery
 h - a ring of willpower (left hand)
Wands
 p - a wand of digging (7)
Scrolls
 g - a scroll of enchant weapon {unknown}
 k - a scroll of identify {unknown}
 l - a scroll of fear {unknown}
 m - a scroll of remove curse
 n - 2 scrolls of teleportation {unknown}
 o - a scroll of magic mapping {unknown}
 s - a scroll of random uselessness {unknown}
Potions
 f - 2 potions of heal wounds {unknown}
 i - 2 potions of berserk rage {unknown}
 j - 4 potions of curing {unknown}
 r - a potion of cancellation {unknown}


   Skills:
 + Level 3.0 Fighting
 + Level 1.4 Short Blades
 + Level 1.4 Long Blades
 + Level 1.4 Axes
 + Level 1.4 Maces & Flails
 + Level 1.4 Polearms
 + Level 1.4 Staves
 + Level 1.4 Slings
 + Level 1.4 Bows
 + Level 1.4 Crossbows
 + Level 3.0 Throwing
 + Level 1.4 Armour
 + Level 1.4 Dodging
 + Level 4.4 Stealth
 + Level 3.0 Shields
 + Level 1.4 Unarmed Combat
 + Level 5.2 Spellcasting
 + Level 3.9 Conjurations
 + Level 1.1 Hexes
 + Level 1.1 Summonings
 + Level 1.1 Necromancy
 + Level 2.4 Translocations
 + Level 1.1 Transmutations
 + Level 1.1 Fire Magic
 + Level 1.1 Ice Magic
 + Level 1.1 Air Magic
 + Level 1.1 Earth Magic
 + Level 1.1 Poison Magic
 + Level 1.6 Invocations
 + Level 1.4 Evocations


You had 11 spell levels left.
You knew the following spells:

 Your Spells              Type           Power        Failure   Level
a - Magic Dart            Conj           60%          3%          1
b - Searing Ray           Conj           30%          4%          2

Your spell library contained the following spells:

 Spells                   Type           Power        Failure   Level
 Dazzling Flash           Conj/Hex       22%          17%         3
 Iskenderun's Mystic Bla  Conj/Tloc      13%          38%         4
 Fulminant Prism          Conj/Hex       5%           50%         4


Dungeon Overview and Level Annotations

Branches:
Dungeon (3/15)

Altars:

Annotations:
D:3 Ijyb


Innate Abilities, Weirdness & Mutations

Your experience applies equally to all skills.
You have very sharp teeth.
Your uncanny sense of smell can sniff out nearby items.


Message History

The searing ray hits the gnoll.
The gnoll is heavily wounded. (Press . to maintain the ray.)
Your Fighting skill increases to level 3!
Your Throwing skill increases to level 3!
Your Shields skill increases to level 3!
The searing ray hits the gnoll!
You kill the gnoll!
The searing ray hits the gnoll!
The gnoll is severely wounded.
You finish channeling your searing ray.
There is an open door here.
Ijyb shouts!
Ijyb screams, "It's all mine!"
Ijyb zaps a wand.
You resist with some effort.
Ijyb zaps a wand.
You are blasted!
Ouch! That really hurt!
* * * LOW HITPOINT WARNING * * *
Ijyb zaps a wand.
You are blasted!
You die...

#.#......#..##.# ### #.....
..######.#.###.# #.# #.....
....####.#...#.# ###.######.....
..#......#...#.# #.......##.....
.........+...'.## ##.......'.....
........##..<#..##.#.......#.....
#....<..+......##.##..##...#.....
#.#.#...###.....#.#..............
..#.)....##.....@.##.##....#.###.
.................................
......................#.###.##.#.
#.....###....##.........###+##†#.
............. #......##........##
..>..................##.#......##
.............#........#.#........
####........ #...(g..##g#........
...... #...#.(.g.g...#+#...


You could see Ijyb.

Vanquished Creatures
  An orc wizard (D:2)
  An orc priest (D:2)
  A gnoll (D:3)
  2 adders
  An ooze (D:1)
  2 worms
  3 dart slugs (D:1)
  2 leopard geckos
  2 orcs
  2 ball pythons
  9 goblins
  6 hobgoblins
  A quokka (D:2)
  9 bats
  6 frilled lizards (D:2)
  5 kobolds
  7 rats
60 creatures vanquished.

Notes
Turn   | Place    | Note
-------+----------+-------------------------------------------
     0 | D:1      | Almogavar the Gnoll Wanderer began the quest for the Orb.
     0 | D:1      | Almogavar set off with the following items: a +0
                  | quarterstaff, a +0 kite shield, a +0 robe, a +0 dagger; and
                  | the following spell memorised: Magic Dart; and the
                  | following spells available to memorise: Searing Ray,
                  | Dazzling Flash, Iskenderun's Mystic Blast, Fulminant Prism
     0 | D:1      | Reached XP level 1. HP: 17/17 MP: 6/6
   371 | D:1      | Reached XP level 2. HP: 23/23 MP: 1/7
   374 | D:1      | Learned a level 2 spell: Searing Ray
   792 | D:1      | Reached XP level 3. HP: 28/28 MP: 6/9
   877 | D:1      | Reached skill level 5 in Spellcasting
  1187 | D:1      | Reached skill level 1 in Invocations
  1461 | D:2      | Reached skill level 1 in Short Blades
  1461 | D:2      | Reached skill level 1 in Long Blades
  1461 | D:2      | Reached skill level 1 in Axes
  1461 | D:2      | Reached skill level 1 in Maces & Flails
  1461 | D:2      | Reached skill level 1 in Polearms
  1461 | D:2      | Reached skill level 1 in Staves
  1461 | D:2      | Reached skill level 1 in Slings
  1461 | D:2      | Reached skill level 1 in Bows
  1461 | D:2      | Reached skill level 1 in Crossbows
  1461 | D:2      | Reached skill level 1 in Armour
  1461 | D:2      | Reached skill level 1 in Dodging
  1461 | D:2      | Reached skill level 1 in Unarmed Combat
  1461 | D:2      | Reached skill level 1 in Evocations
  1738 | D:2      | Reached XP level 4. HP: 34/34 MP: 7/11
  2055 | D:2      | Reached skill level 1 in Hexes
  2055 | D:2      | Reached skill level 1 in Summonings
  2055 | D:2      | Reached skill level 1 in Necromancy
  2055 | D:2      | Reached skill level 1 in Transmutations
  2055 | D:2      | Reached skill level 1 in Fire Magic
  2055 | D:2      | Reached skill level 1 in Ice Magic
  2055 | D:2      | Reached skill level 1 in Air Magic
  2055 | D:2      | Reached skill level 1 in Earth Magic
  2055 | D:2      | Reached skill level 1 in Poison Magic
  2098 | D:2      | Reached XP level 5. HP: 40/40 MP: 8/12
  2368 | D:3      | Noticed Ijyb
  2830 | D:3      | Blown up by Ijyb

Illustrated notes

Levels and vault maps discovered:
D:1:      onia_arrival_handbag, layout_basic
D:2:      layout_rooms, minmay_lizard_pond
D:3:      layout_basic, chequers_ecumenical_altar_twisty,
          corexii_item_surrounded_by_moat, uniq_natasha, uniq_ijyb

Skill      XL: |  1  2  3  4  5 |
---------------+----------------+-----
Translocations | 2 |  2.4
Spellcasting   | 5 |  5.2
Invocations    | 1 |  1.6
Short Blades   | 1 |  1.4
Long Blades    | 1 |  1.4
Axes           | 1 |  1.4
Maces & Flails | 1 |  1.4
Polearms       | 1 |  1.4
Staves         | 1 |  1.4
Slings         | 1 |  1.4
Bows           | 1 |  1.4
Crossbows      | 1 |  1.4
Armour         | 1 |  1.4
Dodging        | 1 |  1.4
Unarmed Combat | 1 |  1.4
Evocations     | 1 |  1.4
Hexes          | 1 |  1.1
Summonings     | 1 |  1.1
Necromancy     | 1 |  1.1
Transmutations | 1 |  1.1
Fire Magic     | 1 |  1.1
Ice Magic      | 1 |  1.1
Air Magic      | 1 |  1.1
Earth Magic    | 1 |  1.1
Poison Magic   | 1 |  1.1
Fighting       | 3 |  3.0
Throwing       | 3 |  3.0
Shields        | 3 |  3.0
Stealth        | |  4.4
Conjurations   | |  3.9

Action                   |  1- 3 |  4- 6 || total
-------------------------+-------+-------++-------
Melee: Quarterstaff      |    16 |     1 ||    17
       Bite              |     1 |       ||     1
Throw: Dart              |       |    10 ||    10
 Cast: Magic Dart        |    55 |    21 ||    76
       Searing Ray       |    10 |    12 ||    22
  Use: Scroll            |       |     1 ||     1
 Stab: Sleeping          |     1 |       ||     1
Armor: Robe              |     4 |       ||     4
Dodge: Dodged            |    10 |     1 ||    11
